Match 41231062
Unlisted

Match 41231062
End
Royal Engineer Section
Construct Section Command Post
Selects Australian Defense Battlegroup
Selects Australian Light Infantry Section
Australian Light Infantry Section
Australian Light Infantry Section
Construct Section Command Post
Infantry Section
Selects 2-pounder Anti-tank Gun Team
2-pounder Anti-tank Gun Team
ML 3-inch Mortar Team
Construct Platoon Command Post
6-pounder Anti-tank Gun Team
Construct Company Command Post
Infantry Training
Unlock Bishop Self-propelled Artillery
Bishop Self-propelled Artillery
Bishop Self-propelled Artillery
Selects CMP 15cwt Supply Run
Selects Reinforced Resource Caches
Light Vehicle Training
Selects Archer Tank Destroyer
Archer Tank Destroyer
Construct Company Command Post
Selects Vehicle Over Repair
Kitsuné
Dumais
Dunkerque
NEP_wilson_NEP
0
0

Comments sign in to comment!

No comments posted yet!